 Dungeon Crawl Stone Soup version 0.30-a0-920-g7493c07aab (webtiles) character file.

Game seed: 4677456555637446956

280 qeuew the Poker (level 6, 0/47 HPs)
             Began as a Merfolk Gladiator on Mar 21, 2023.
             Was an Initiate of Okawaru.
             Succumbed to an adder's poison
             ... on level 4 of the Dungeon.
             The game lasted 00:03:55 (2093 turns).

qeuew the Poker (Merfolk Gladiator)                 Turns: 2093, Time: 00:03:56

Health: 0/47       AC:  7    Str: 22    XL:     6   Next: 27%
Magic:  6/6        EV: 14    Int:  7    God:    Okawaru [......]
Gold:   185        SH:  0    Dex: 16    Spells: 5/5 levels left

rFire   . . .      SeeInvis .    a - +0 trident
rCold   . . .      Faith    .    (no shield)
rNeg    . . .      Spirit   .    b - +0 leather armour
rPois   .          Reflect  .    c - +0 helmet
rElec   .          Rampage  .    (no cloak)
rCorr   .                        i - +2 pair of gloves
Will    .....                    (no boots)
Stlth   +                        (no amulet)
HPRegen 0.27/turn                k - +6 ring of strength
MPRegen 0.10/turn                (no ring)

@: lethally poisoned (0 -> -7)
A: (nimble swimmer 2), mertail, inability to drink after injury 1
a: Renounce Religion


You were on level 4 of the Dungeon.
You worshipped Okawaru.
Okawaru was noncommittal.
You visited 1 branch of the dungeon, and saw 4 of its levels.

You collected 185 gold pieces.

Inventory:

Hand Weapons
 a - a +0 trident (weapon)
Missiles
 d - 2 throwing nets (quivered)
 e - a javelin
Armour
 b - a +0 leather armour (worn)
 c - a +0 helmet (worn)
 i - a +2 pair of gloves (worn)
Jewellery
 k - a +6 ring of strength (left hand)
Wands
 j - a wand of light (9)
Scrolls
 n - a scroll of fog
Potions
 g - a potion of flight
 h - a potion of might


   Skills:
 + Level 3.3 Fighting
 * Level 6.0 Polearms
 + Level 2.9 Throwing
 + Level 1.4 Armour
 + Level 5.0 Dodging
 + Level 1.0 Invocations
 + Level 1.2 Evocations


You had 5 spell levels left.
You didn't know any spells.
Your spell library contained the following spells:

 Spells                   Type           Power      Damage    Failure   Level
 Ensorcelled Hibernation  Hex/Ice        0%         N/A       63%         2
 Spider Form              Tmut/Pois      0%         N/A       85%         3
 Anguish                  Hex/Necr       0%         N/A       99%         4


Dungeon Overview and Level Annotations

Branches:
Dungeon (4/15)
 Temple: D:4-7

Altars:
Okawaru


Innate Abilities, Weirdness & Mutations

((You are very nimble when in or above water. (Stealth+, EV+, Speed+++)))
Your lower body shifts to a powerful aquatic tail in water.
You occasionally lose the ability to drink potions when taking damage.


Message History

Press: ? - help, Q - select action, (/) - cycle Shift-Dir - straight line, f - scorpion
Aim: a scorpion (severely wounded, 62% to hit)
You throw a throwing net.
The throwing net completely misses the scorpion.
The adder bites you but does no damage.
The hobgoblin hits you but does no damage.
The scorpion stings you.
* * * LOW HITPOINT WARNING * * *
You are lethally poisoned!
The scorpion poisons you!
You puncture the scorpion!
You kill the scorpion!
Okawaru accepts your kill.
* * * LOW HITPOINT WARNING * * *
You feel very sick. The adder bites you.
* * * LOW HITPOINT WARNING * * *
You are more poisoned.
The adder poisons you! The hobgoblin misses you. The adder misses you.
Your Polearms skill increases to level 6!
Your Dodging skill increases to level 5!
Your Invocations skill increases to level 1!
You have reached level 6!
You barely miss the adder.
* * * LOW HITPOINT WARNING * * *
You feel very sick. The hobgoblin misses you. The adder barely misses you.
You barely miss the adder.
* * * LOW HITPOINT WARNING * * *
You feel very sick. The hobgoblin misses you.
The adder bites you but does no damage.
You hit the adder.
The adder is moderately wounded.
* * * LOW HITPOINT WARNING * * *
You feel sick. The adder closely misses you.
The hobgoblin completely misses you.
Okay, then.
Okay, then.
You barely miss the hobgoblin.
You die...

.###......[.# ##
............# .##
............# ..####
............# ##....#
...........# #.....##
...........# ##.<....#
......Sg.?.# #.......#
......$@..# ##......##
......†..?# #.......#
#.........## #.......#
##..(......###.......#
###......†.#........#
##.####...#........#
## ##...#...#..##
##...#.....#
##........#


You could see an adder and a hobgoblin.

Vanquished Creatures
  A scorpion (D:4)
  2 hounds (D:4)
  Jessica (D:3)
  An iguana (D:4)
  2 adders
  2 worms (D:3)
  4 dart slugs
  5 orcs (D:3)
  3 bats
  7 endoplasms
  3 giant cockroaches
  5 goblins
  8 hobgoblins
  3 jackals (D:1)
  9 kobolds
  5 quokkas
  2 ball pythons
  2 frilled lizards (D:3)
  4 rats
69 creatures vanquished.

Vanquished Creatures (others)
  A rat (D:1)
1 creature vanquished.

Grand Total: 70 creatures vanquished

Notes
Turn   | Place    | Note
-------+----------+-------------------------------------------
     0 | D:1      | qeuew the Merfolk Gladiator began the quest for the Orb.
     0 | D:1      | Reached XP level 1. HP: 16/16 MP: 1/1
    32 | D:1      | Reached XP level 2. HP: 23/23 MP: 2/2
   265 | D:1      | Reached XP level 3. HP: 28/28 MP: 3/3
   756 | D:2      | You are sucked into a shaft and drop 2 floors!
   813 | D:4      | Reached skill level 5 in Polearms
   813 | D:4      | Reached XP level 4. HP: 28/34 MP: 4/4
   938 | D:3      | Reached skill level 1 in Armour
  1089 | D:3      | Noticed Jessica
  1096 | D:3      | Killed Jessica
  1186 | D:3      | Reached XP level 5. HP: 41/41 MP: 5/5
  1388 | D:2      | Found a faded altar of an unknown god.
  1443 | D:2      | Found an iron altar of Okawaru.
  1476 | D:2      | Became a worshipper of Warmaster Okawaru
  1747 | D:2      | Gained mutation: Your magical capacity is low. (-10% MP)
                  | [potion of mutation]
  1747 | D:2      | Gained mutation: You are weak. (Str -2) [potion of
                  | mutation]
  1747 | D:2      | Gained mutation: You expend magic power (3 MP) to
                  | strengthen your wands. [potion of mutation]
  1750 | D:2      | Lost mutation: You are weak. (Str -2) [potion of mutation]
  1750 | D:2      | Lost mutation: Your magical capacity is low. (-10% MP)
                  | [potion of mutation]
  1750 | D:2      | Lost mutation: You expend magic power (3 MP) to strengthen
                  | your wands. [potion of mutation]
  1750 | D:2      | Gained mutation: You occasionally lose the ability to drink
                  | potions when taking damage. [potion of mutation]
  2083 | D:4      | Reached skill level 1 in Evocations
  2090 | D:4      | Reached skill level 6 in Polearms
  2090 | D:4      | Reached skill level 5 in Dodging
  2090 | D:4      | Reached skill level 1 in Invocations
  2090 | D:4      | Reached XP level 6. HP: 8/47 MP: 6/6
  2092 | D:4      | HP: 1/47 [poisoned by an adder]
  2093 | D:4      | Succumbed to an adder's poison

Illustrated notes

Levels and vault maps discovered:
D:1:      eino_arrival_tree_alley, layout_loops_ring,
          minmay_misc_feat_four_crosses, minmay_misc_feat_rows, minivault_23
D:2:      layout_rooms, basic_altar, ebering_ecumenical_altar_rust
D:3:      kennysheep_big_flooded_room, layout_rooms, serial_rivers,
          chequers_serial_rivers_micro_a, chequers_serial_rivers_large_b,
          chequers_serial_rivers_micro_d, chequers_serial_rivers_small_3,
          chequers_serial_rivers_room_a, uniq_jessica
D:4:      layout_cave_pods, grunt_ministairs_8

Skill      XL: |  1  2  3  4  5 |
---------------+----------------+-----
Polearms       | 5 6 |  6.0
Armour         | 1 |  1.4
Fighting       | 3 |  3.3
Evocations     | 1 |  1.2
Dodging        | 5 |  5.0
Invocations    | 1 |  1.0
Throwing       | |  2.9

Action                     |  1- 3 |  4- 6 || total
---------------------------+-------+-------++-------
  Melee: Trident           |    93 |   137 ||   230
  Throw: Throwing net      |       |     1 ||     1
    Use: Potion            |     3 |     5 ||     8
         Scroll            |       |     8 ||     8
   Stab: Sleeping          |     2 |     1 ||     3
 Armour: Leather armour    |    31 |    53 ||    84
  Dodge: Dodged            |    53 |   134 ||   187

Table legend: (Time is in decaauts)
 A = Elapsed time spent in this place.
 B = Non-inter-level travel time spent in this place.
 C = Inter-level travel time spent in this place.
 D = Time resting spent in this place.
 E = Time spent auto-exploring this place.
 F = Levels seen in this place.
 G = Mean time per level.
                   A        B        C        D        E       F      G
               +--------+--------+--------+--------+--------+-----+--------+
         Total |   2054 |   1979 |     75 |      0 |   1502 |   4 |  513.5 |
       Dungeon |   2054 |   1979 |     75 |      0 |   1502 |   4 |  513.5 |
               +--------+--------+--------+--------+--------+-----+--------+

Top non-repeatable levels by time:
     D:1: 748 daAuts
     D:3: 571 daAuts
     D:2: 473 daAuts
     D:4: 262 daAuts
